 Dungeon Crawl Stone Soup version 0.31.0-11-ge490571c62 (webtiles) character file.

Game seed: 2682048603306526165

49 Esekla the Grasshopper (level 3, -3/18 HPs)
             Began as a Spriggan Warper on Feb 3, 2024.
             Killed by divine providence
             ... invoked by an orc priest
              (14 damage)
             ... on level 3 of the Dungeon.
             The game lasted 00:13:59 (1653 turns).

Esekla the Grasshopper (Spriggan Warper)            Turns: 1653, Time: 00:13:59

Health: -3/18      AC:  2    Str:  7    XL:     3   Next: 53%
Magic:  7/8        EV: 18    Int: 16    God:
Gold:   124        SH:  5    Dex: 14    Spells: 5/7 levels left

rFire   + . .        k - +0 dagger
rCold   . . .        (no shield)
rNeg    . . .        b - +0 robe
rPois   .            (helmet restricted)
rElec   .            (no cloak)
rCorr   .            (gloves unavailable)
SInv    +            (boots unavailable)
Will    .....        a - amulet of reflection
Stlth   +            l - ring of protection from fire
HPRegen 0.23/turn    u - ring of wizardry
MPRegen 0.11/turn

%: reflection, wizardry (x1)
@: very quick
A: very small, no large weapons, unfitting armour, see invisible, speed 3
a: no special abilities


You were on level 3 of the Dungeon.
You visited 1 branch of the dungeon, and saw 3 of its levels.

You collected 124 gold pieces.

Inventory:

Hand Weapons
 k - a +0 dagger (weapon)
 s - a +0 spear
Missiles
 d - 4 darts of dispersal (quivered)
 v - 5 poisoned darts
Armour
 b - a +0 robe (worn)
 e - a +0 buckler
Jewellery
 a - an amulet of reflection (around neck)
 f - an amulet of the acrobat
 l - a ring of protection from fire (left hand)
 p - a ring of flight
 u - a ring of wizardry (right hand)
Scrolls
 h - a scroll of teleportation {unknown}
 i - 2 scrolls of identify
 m - a scroll of vulnerability {unknown}
 n - a scroll of enchant armour
 q - a scroll of acquirement {unknown}
 r - a scroll of poison {unknown}
 t - a scroll of revelation {unknown}
Potions
 g - 3 potions of curing
 j - a potion of magic
 o - a potion of berserk rage {unknown}


   Skills:
 + Level 1.8 Fighting
 + Level 3.1 Short Blades
 + Level 1.2 Throwing
 * Level 4.0 Dodging
 + Level 0.3 Stealth
 * Level 0.3 Shields
 * Level 2.8 Spellcasting
 + Level 4.4 Translocations


You had 5 spell levels left.
You knew the following spells:

 Your Spells              Type           Power      Damage    Failure   Level
b - Blink                 Tloc           32%        N/A       1%          2

Your spell library contained the following spells:

 Spells                   Type           Power      Damage    Failure   Level
 Lesser Beckoning         Tloc           32%        N/A       1%          2
 Teleport Other           Tloc           16%        N/A       3%          3
 Ensorcelled Hibernation  Hex/Ice        4%         N/A       12%         2
 Manifold Assault         Tloc           16%        N/A       12%         4
 Passwall                 Erth           2%         N/A       22%         3
 Swiftness                Air            2%         N/A       22%         3
 Vhi's Electric Charge    Tloc/Air       18%        N/A       28%         4


Dungeon Overview and Level Annotations

Branches:
Dungeon (3/15)

Altars:

Annotations:
D:1 gnoll
D:2 worm


Innate Abilities, Weirdness & Mutations

You are very small and have problems with some larger weapons.
You are too small for most types of armour.
You have supernaturally acute eyesight. (SInv)
You cover ground extremely quickly. (Speed+++)


Message History

The magic dart hits you!
Ouch! That really hurt!
The orc priest attacks as it pursues you!
The orc priest hits you with a +0 dagger.
* * * LOW HITPOINT WARNING * * *
An orc wizard comes into view. It is wielding a +1 dagger of venom.
The orc wizard shouts!
An orc comes into view. It is wielding a +0 whip.
An orc wizard comes into view. It is wielding a +0 dagger.
Casting: Blink (safe; 1% risk of failure)
Confirm with . or Enter, or press ? or * to list all spells.
You blink.
The orc shouts!
The orc wizard shouts!
You hear a shout!
The orc barely misses you.
An orc comes into view. It is wielding a +0 club.
The orc wizard gestures at you while chanting.
You are confused.
You hit the orc.
The orc is moderately wounded.
The orc wizard mumbles some strange words.
The orc wizard flickers and vanishes for a moment.
It was a potion of curing.
You feel better. You block the orc wizard's attack.
Okay, then.
Blink to where?
Press: ? - help, Dir - move target
As you read the scroll of blinking, it crumbles to dust.
The orc hits you but does no damage. You block the orc's attack.
You feel ready to blink again.
The orc throws a boomerang.
The boomerang hits you.
The orc throws a boomerang.
The boomerang closely misses you.
As you read the scroll labelled DULEIM JEACET, it crumbles to dust.
It is a scroll of identify.
n - a scroll of enchant armour
Okay, then.
As you read the scroll of identify, it crumbles to dust.
j - a potion of magic The orc priest mumbles some strange prayers to Beogh against you.
Beogh smites you!
Ouch! That really hurt!
You die...

#....ooo..# #o# #ยง#
#.# #.# #######.##
##..o.o...# #####
###...o.....# #(..#
#@....o.o...#
#.#)#############.##
####..<..###########.#
#.....#...#........#.#
#.....#.#..........#.#
#.......##.........#.#
#.....####.........#.#
..#.....#
##........#w#
%.......# #........#.#


You could see an orc priest and 4 orcs.

Vanquished Creatures
  An adder (D:1)
  A dart slug (D:1)
  4 ball pythons
  3 bats
  3 endoplasms
  A giant cockroach (D:3)
  6 goblins
  3 hobgoblins (D:1)
  5 kobolds (D:1)
  4 quokkas
  4 frilled lizards
  A rat (D:3)
36 creatures vanquished.

Notes
Turn   | Place    | Note
-------+----------+-------------------------------------------
     0 | D:1      | Esekla the Spriggan Warper began the quest for the Orb.
     0 | D:1      | Reached XP level 1. HP: 10/10 MP: 5/5
   176 | D:1      | Reached XP level 2. HP: 9/15 MP: 6/6
   179 | D:1      | Learned a level 2 spell: Blink
   604 | D:1      | Reached XP level 3. HP: 17/18 MP: 8/8
  1653 | D:3      | Killed from afar by an orc priest

Illustrated notes

Levels and vault maps discovered:
D:1:      minmay_arrival_five_plusses, layout_loops_ring
D:2:      layout_rooms, st_stairs_9, grunt_decor_clamped
D:3:      layout_basic, amethyst_overflow_temple_binary, minmay_bisected

Skill      XL: |  1  2  3 |
---------------+----------+-----
Short Blades   | 3 |  3.1
Dodging        | 4 |  4.0
Fighting       | |  1.8
Throwing       | |  1.2
Stealth        | |  0.3
Shields        | |  0.3
Spellcasting   | |  2.8
Translocations | |  4.4

Action                     || total
---------------------------++-------
  Melee: Short sword       ||    55
         Punch             ||     3
         Dagger            ||   162
  Throw: Dart              ||     3
   Cast: Blink             ||     4
    Use: Scroll            ||     3
         Potion            ||     1
 Armour: Robe              ||    52
  Dodge: Dodged            ||   152
  Block: Other             ||    24
         Reflection        ||     1
